Map: Thunderbird LE

Players

Semper - Winner!

  • Race: Terran Terran
  • Spawn Location: 11:00

TheoRy

  • Race: Protoss Protoss
  • Spawn Location: 5:00

VOD

Have the link to the VOD?

Description

Time

  • Played on: Sept. 6, 2019, 1:06 p.m.
  • Length: 20:15
Show
View Real Time Build Order
Export as new Build Order

Semper Terran - Winner!

Build Orders: Reaper Expand, Banshee Rush 

Get SALT Encoding   

  12  0:00  SCV  
  13  0:13  SCV  
  14  0:17  Supply Depot  
  14  0:25  SCV  
  15  0:38  SCV  
  15  0:39  Barracks  
  16  0:44  Refinery  
  16  0:50  SCV  
  17  1:02  SCV  
  18  1:15  SCV  
  19  1:27  Orbital Command  
  19  1:28  Reaper  
  20  1:42  Command Center  
  20  1:52  Supply Depot  
  20  1:53  SCV  
  21  2:02  Marine  
  21  2:07  SCV  
  23  2:12  Factory  
  23  2:16  Refinery  
  23  2:19  SCV  
  24  2:23  Barracks Reactor  
  24  2:31  SCV  
  25  2:44  SCV  
  26  2:55  Orbital Command  
  26  2:56  SCV  
  27  3:00  Starport, Marine  
  27  3:01  Marine  
  29  3:08  SCV  
  29  3:09  Factory Tech Lab  
  30  3:20  SCV  
  30  3:21  SCV  
  30  3:22  Marine x2  
  34  3:30  Supply Depot  
  34  3:32  SCV  
  34  3:33  SCV  
  36  3:40  Factory Tech Lab  
  36  3:44  SCV  
  36  3:45  Banshee, SCV, Cloaking Field  
  36  3:47  Bunker  
  41  3:48  Marine x2  
  43  3:56  SCV  
  43  3:57  SCV  
  43  4:01  Supply Depot  
  48  4:02  Siege Tank  
  48  4:08  SCV  
  48  4:09  SCV  
  49  4:14  Engineering Bay  
  49  4:18  Marine x2  
  49  4:20  SCV  
  49  4:21  SCV  
  53  4:28  Banshee  
  56  4:32  SCV  
  56  4:34  SCV  
  56  4:36  Supply Depot x2  
  58  4:44  Siege Tank  
  58  4:45  Missile Turret, SCV  
  62  4:47  Barracks  
  62  4:52  Barracks  
  62  4:53  Refinery  
  62  4:58  SCV  
  62  4:59  SCV  
  64  5:01  Supply Depot  
  64  5:03  Marine x2  
  64  5:04  Terran Infantry Weapons Level 1  
  66  5:10  SCV  
  67  5:21  Supply Depot  
  67  5:22  Marine x2, Starport Reactor  
  67  5:23  Refinery  
  67  5:24  SCV  
  70  5:30  SCV  
  70  5:35  Supply Depot  
  71  5:36  Supply Depot, Factory Reactor, SCV  
  72  5:43  SCV  
  72  5:45  Command Center  
  72  5:46  Supply Depot  
  73  5:50  Combat Shield, Stimpack  
  73  5:55  Marauder x2  
  77  5:58  SCV  
  77  6:00  Marine x2  
  80  6:06  SCV  
  81  6:16  Marine  
  81  6:17  Marauder, Medivac  
  81  6:18  Medivac  
  88  6:19  Barracks  
  88  6:20  Barracks  
  88  6:24  SCV  
  89  6:30  SCV  
  89  6:31  Supply Depot  
  90  6:32  Supply Depot  
  90  6:34  Marine x2  
  90  6:35  Marauder  
  98  6:42  SCV  
  95  6:50  Marauder  
  97  6:55  Marine  
  97  6:56  Marauder  
  97  7:00  Orbital Command, SCV x2  
  102  7:01  Medivac  
  102  7:02  Medivac  
  106  7:08  Terran Infantry Armor Level 1  
  106  7:11  Barracks Tech Lab, Barracks Reactor, Marauder  
  106  7:12  Concussive Shells, SCV, Missile Turret  
  109  7:18  Orbital Command  
  109  7:22  Marauder, Marine  
  112  7:24  Refinery  
  112  7:25  SCV x2  
  112  7:26  Refinery  
  114  7:32  Marauder  
  114  7:33  Supply Depot  
  114  7:34  Marauder, Marine  
  119  7:39  SCV x2  
  121  7:46  Marauder, Marine  
  124  7:51  Armory  
  124  7:52  Marine  
  124  7:58  SCV  
  126  8:03  Marauder x2, Marine x2  
  126  8:04  Marine  
  133  8:09  Starport, SCV x2  
  135  8:14  Engineering Bay  
  129  8:26  Viking x2  
  133  8:29  SCV  
  133  8:30  SCV  
  133  8:31  SCV  
  133  8:33  Marine  
  133  8:34  Marauder  
  138  8:44  Command Center  
  138  8:45  Sensor Tower  
  138  8:52  SCV x2  
  138  8:55  Marine x3  
  142  8:56  Marauder x2, Viking x3  
  142  9:00  Ghost Academy  
  142  9:02  Supply Depot, Terran Infantry Weapons Level 2, Terran Ship Weapons Level 1  
  153  9:04  Terran Infantry Armor Level 2, Supply Depot  
  153  9:10  Missile Turret  
  153  9:13  Missile Turret  
  153  9:16  Missile Turret x2  
  152  9:30  Viking x2  
  156  9:40  Viking  
  156  9:41  Viking  
  156  9:42  Supply Depot  
  163  9:51  Ghost x3  
  163  9:52  Enhanced Shockwaves  
  165  9:57  Missile Turret  
  165  9:58  Missile Turret  
  165  10:09  Barracks x2, SCV x3  
  165  10:10  Barracks  
  165  10:12  Sensor Tower  
  165  10:13  Missile Turret  
  167  10:30  Liberator x2  
  167  10:31  Ghost x3, Marine  
  167  10:32  Marine  
  175  10:35  Planetary Fortress  
  175  10:40  Liberator  
  173  10:50  Refinery x2  
  167  11:10  Viking  
  165  11:15  Marine  
  165  11:16  Barracks Tech Lab x3, Marauder x2, Marine  
  169  11:23  Liberator  
  169  11:25  Missile Turret  
  169  11:26  Terran Infantry Weapons Level 3, Missile Turret  
  169  11:27  Marine  
  169  11:29  Marine x2  
  169  11:30  Viking  
  169  11:32  Command Center  
  174  11:33  Marine  
  174  11:34  Terran Ship Weapons Level 2  
  175  11:45  Liberator  
  175  11:46  Marauder x2, Marine x2  
  184  11:52  Marine x2  
  184  11:53  Marauder  
  188  11:57  Marine x3  
  188  12:00  Liberator x2  
  191  12:03  Marine  
  191  12:05  Liberator  
  191  12:07  Marauder  
  151  12:17  Marine x5  
  145  12:25  Ghost  
  147  12:40  Marine  
  147  12:41  Marauder  
  147  12:42  Liberator  
  150  12:45  Medivac  
  150  12:48  Ghost x2  
  148  12:53  SCV x2  
  153  13:10  Liberator x2  
  153  13:13  SCV x3  
  153  13:17  Marauder, Marine  
  159  13:20  Marine x2  
  159  13:21  Marauder x2, Starport  
  159  13:22  Fusion Core  
  165  13:27  Medivac  
  173  13:35  Missile Turret  
  173  13:36  Planetary Fortress  
  173  13:38  Missile Turret  
  173  13:45  Refinery  
  173  13:46  Ghost, Refinery  
  173  13:47  Ghost  
  177  13:56  Marauder x2, Marine x2  
  177  13:57  Marauder  
  177  14:02  Bunker  
  185  14:03  Ghost  
  185  14:06  Liberator  
  186  14:15  Viking x2  
  187  14:22  Marine x2  
  187  14:23  Marauder, Starport Tech Lab  
  171  14:24  Marine x3  
  171  14:25  Marauder  
  171  14:27  Marine  
  171  14:28  Marauder  
  178  14:32  Marine  
  179  14:40  Marine x2  
  179  14:41  Liberator  
  179  14:42  Liberator, Marine x2  
  179  14:43  Marauder  
  179  14:44  Marauder  
  189  14:45  Marauder, Advanced Ballistics  
  189  14:46  Marine  
  190  14:59  Marine  
  196  15:00  Marauder  
  199  15:08  Terran Infantry Armor Level 3  
  198  15:16  Marine  
  198  15:17  Marine  
  200  15:37  Command Center  
  200  15:38  Command Center  
  200  15:45  Liberator  
  200  15:47  Command Center  
  197  15:57  Viking x2  
  190  15:58  Ghost  
  196  16:05  Ghost x2  
  195  16:18  Liberator  
  195  16:19  Liberator  
  172  16:35  Medivac  
  172  16:36  Ghost x2  
  172  16:38  Ghost x2  
  186  16:41  Medivac, Marine  
  186  16:42  Marauder, Marine x4  
  192  16:59  Marine  
  193  17:02  Medivac  
  193  17:04  Ghost  
  193  17:05  Ghost x2  
  198  17:15  Neosteel Armor  
  198  17:22  Marauder  
  200  17:36  Marauder  
  198  17:45  Hi-Sec Auto Tracking  
  198  17:49  Orbital Command  
  198  17:59  Liberator  
  198  18:00  Liberator  
  198  18:04  Planetary Fortress  
  198  18:07  Marauder  
  198  18:08  Refinery  
  197  18:15  Ghost x2, Marine  
  197  18:16  Medivac  
  200  18:20  Sensor Tower, Refinery  
  198  18:28  Marauder  
  198  18:29  Missile Turret  
  198  18:31  Missile Turret  
  194  18:40  Marine x2  
  194  18:41  Marauder, Liberator x3  
  187  19:05  Medivac x2, Marine x4  
  187  19:06  Marauder, SCV x3  
  200  19:13  Planetary Fortress  
  200  19:16  Sensor Tower  
  197  19:57  Marine  
Show
View Real Time Build Order
Export as new Build Order

TheoRy Protoss 

Build Orders: 1 Gate Expand, Colossus Rush 

Get SALT Encoding   

  12  0:00  Probe  
  13  0:13  Probe  
  14  0:17  Pylon  
  14  0:24  Probe  
  15  0:32  Probe  
  15  0:37  Gateway  
  15  0:40  Probe  
  16  0:46  Assimilator  
  17  0:51  Probe  
  18  1:03  Probe  
  19  1:15  Probe  
  20  1:23  Nexus  
  20  1:32  Cybernetics Core  
  20  1:34  Probe  
  20  1:39  Assimilator  
  21  1:47  Pylon  
  21  1:51  Probe  
  22  1:59  Probe, Adept  
  22  2:07  Probe  
  23  2:09  Warp Gate  
  26  2:17  Probe  
  26  2:21  Adept  
  27  2:29  Probe  
  30  2:35  Probe  
  31  2:41  Probe  
  32  2:47  Probe  
  33  2:53  Probe  
  34  2:59  Probe, Robotics Facility  
  34  3:03  Stalker  
  37  3:05  Probe  
  37  3:10  Probe  
  39  3:17  Probe  
  39  3:18  Probe  
  40  3:26  Probe  
  41  3:30  Probe  
  41  3:34  Assimilator  
  43  3:35  Assimilator  
  43  3:37  Pylon, Probe  
  44  3:42  Observer, Probe  
  44  3:43  Gateway  
  44  3:45  Gateway  
  44  3:47  Pylon  
  45  3:52  Robotics Bay  
  45  3:55  Probe x2  
  48  4:01  Immortal  
  48  4:07  Probe x2  
  54  4:14  Pylon  
  54  4:18  Twilight Council  
  54  4:19  Probe x2, Stalker  
  58  4:31  Observer, Probe  
  58  4:33  Probe  
  58  4:34  Colossus  
  60  4:39  Sentry  
  60  4:43  Probe  
  69  4:46  Pylon x2  
  69  4:56  Observer, Probe  
  70  5:04  Blink  
  70  5:07  Probe, Nexus  
  71  5:15  Stalker x2  
  71  5:16  Probe  
  71  5:17  Probe  
  76  5:23  Shield Battery  
  76  5:26  Shield Battery  
  76  5:28  Observer, Probe  
  76  5:31  Probe  
  76  5:33  Extended Thermal Lance  
  78  5:40  Probe  
  79  5:43  Probe  
  79  5:44  Pylon  
  79  5:47  Pylon  
  80  5:58  Probe  
  80  5:59  Observer  
  81  6:04  Stalker  
  81  6:05  Stalker x2  
  86  6:12  Probe  
  86  6:13  Shield Battery  
  86  6:16  Warp Prism  
  86  6:17  Forge  
  87  6:19  Forge  
  87  6:31  Probe  
  87  6:32  Stalker x2  
  92  6:33  Probe x2  
  92  6:38  Pylon  
  94  6:41  Protoss Ground Armor Level 1, Probe x2, Protoss Ground Weapons Level 1  
  94  6:43  Probe  
  97  6:50  Shield Battery  
  97  6:51  Probe x2  
  99  6:55  Probe  
  100  7:03  Probe  
  100  7:05  Photon Cannon  
  100  7:06  Photon Cannon  
  101  7:08  Charge  
  101  7:12  Probe  
  102  7:17  Templar Archives, Gateway  
  102  7:19  Gateway  
  102  7:25  Probe  
  102  7:26  Probe  
  102  7:29  Probe  
  105  7:32  Colossus  
  105  7:34  Zealot x2  
  105  7:35  Zealot  
  117  7:38  Gateway  
  117  7:42  Probe  
  114  7:51  Probe  
  109  7:56  Stalker  
  108  7:58  Psionic Storm  
  108  8:03  Probe  
  108  8:04  Probe  
  110  8:07  Probe  
  110  8:10  Photon Cannon  
  111  8:15  Probe  
  111  8:16  Stalker x2  
  113  8:32  Pylon  
  113  8:35  Pylon  
  113  8:37  Gateway x2  
  113  8:40  Pylon x2  
  113  8:44  Gateway, Pylon  
  113  8:45  Protoss Ground Armor Level 2, Protoss Ground Weapons Level 2  
  113  8:46  Gateway  
  113  8:50  Probe x2  
  113  8:51  Probe  
  116  8:57  Pylon  
  116  8:58  Zealot x2  
  116  9:00  High Templar  
  116  9:01  High Templar  
  116  9:02  High Templar  
  126  9:03  High Templar  
  126  9:04  Probe  
  126  9:05  Probe  
  126  9:08  Probe  
  131  9:14  Assimilator  
  129  9:18  Pylon, Assimilator  
  129  9:20  High Templar x2  
  129  9:22  Probe  
  134  9:31  Pylon  
  132  9:35  Zealot x5  
  132  9:37  Gateway  
  132  9:38  Probe  
  141  9:47  High Templar  
  141  9:48  Stalker  
  145  9:56  High Templar  
  147  10:10  Zealot x4  
  147  10:14  High Templar, Nexus  
  157  10:17  Pylon  
  157  10:18  Probe  
  157  10:19  Pylon  
  156  10:21  Probe  
  156  10:22  Dark Shrine, Probe  
  154  10:36  Pylon  
  154  10:40  Pylon  
  154  10:45  Zealot x3  
  154  10:46  Zealot  
  154  10:47  Zealot  
  160  10:58  Zealot x6  
  160  11:01  Protoss Ground Weapons Level 3  
  170  11:09  Observer, Protoss Ground Armor Level 3  
  170  11:14  Probe  
  171  11:19  Disruptor  
  171  11:22  Probe  
  171  11:23  Probe  
  176  11:26  Nexus  
  176  11:29  Pylon  
  176  11:31  Pylon  
  176  11:32  Robotics Facility  
  176  11:36  Dark Templar  
  176  11:37  Dark Templar  
  180  11:46  Assimilator  
  180  11:51  Assimilator  
  180  11:55  Zealot x4  
  180  11:56  Zealot x3  
  187  12:10  Zealot x4  
  187  12:14  Archon x3  
  159  12:16  Colossus  
  159  12:23  Archon  
  159  12:24  Stalker x6  
  147  12:42  Dark Templar x4  
  135  12:52  High Templar  
  135  12:53  Probe x2  
  135  12:56  Probe  
  140  13:00  Pylon  
  140  13:01  Probe x2  
  142  13:05  Nexus  
  142  13:06  Pylon  
  142  13:08  Probe  
  143  13:16  Stalker x4  
  151  13:22  Colossus  
  157  13:36  Zealot x5  
  165  13:42  Photon Cannon  
  165  13:43  Protoss Shields Level 1  
  165  13:44  Probe x3  
  165  13:45  Shield Battery, Probe  
  169  13:50  Archon  
  169  13:52  High Templar x2  
  173  13:56  Stalker  
  173  13:57  Stalker x2  
  167  14:17  Archon  
  167  14:18  Archon  
  133  14:24  Disruptor  
  119  14:31  Colossus  
  119  14:34  High Templar x2  
  119  14:36  High Templar  
  131  14:39  High Templar, Probe x2  
  131  14:41  Zealot  
  131  14:42  Zealot, Assimilator  
  131  14:44  Assimilator  
  131  14:45  Zealot  
  141  14:48  Zealot x2, Sentry  
  141  14:49  Zealot  
  149  15:00  Colossus  
  155  15:07  High Templar  
  155  15:09  Stalker x3  
  155  15:10  Stalker x4  
  171  15:17  Zealot  
  171  15:18  Zealot x2  
  175  15:34  Dark Templar  
  177  15:35  Zealot x2  
  177  15:36  Zealot x4  
  177  15:38  Stalker x4  
  197  15:46  Gateway  
  197  15:48  Gateway  
  187  16:16  Colossus x2  
  199  16:23  Zealot x3, Dark Templar x2  
  199  16:25  Nexus  
  167  16:27  Pylon  
  167  16:29  Pylon  
  157  16:32  Stalker x2  
  157  16:33  Stalker x2  
  157  16:34  Archon  
  157  16:37  Dark Templar  
  167  16:42  Assimilator  
  167  16:44  Assimilator  
  167  16:57  Probe  
  168  17:09  Disruptor  
  168  17:13  Stalker x8  
  168  17:14  Disruptor  
  190  17:19  High Templar  
  190  17:21  Probe, High Templar  
  195  17:37  Photon Cannon  
  195  17:38  Photon Cannon x2  
  195  17:40  Gateway  
  195  17:41  Gateway  
  187  17:51  Pylon  
  187  17:52  Dark Templar  
  187  17:55  Zealot x5  
  199  18:00  Archon  
  197  18:08  Nexus  
  197  18:13  Dark Templar  
  194  18:36  Dark Templar x5  
  200  18:55  Probe  
  164  18:56  Colossus, Dark Templar x3  
  164  18:58  Probe  
  164  19:01  Zealot  
  164  19:02  Zealot  
  144  19:03  Dark Templar x2  
  144  19:06  Probe  
  144  19:08  Stalker x2  
  144  19:09  Stalker  
  155  19:20  High Templar  
  155  19:21  High Templar x2  
  161  19:27  Gateway, Zealot x2  
  161  19:37  Zealot x6  
  161  19:38  Zealot x2  
  173  19:45  Stalker  
  139  19:54  Zealot x3  
  139  19:55  Zealot x2  
  149  20:01  Zealot x7  
Tags
 
Add a new tag
Caveats
  • Supply blocks, unpowered buildings, or Contaminate may cause inaccurate times.
  • Supply counts are checked every 10 seconds.